[Event "Titled Tuesday Blitz May 4 2021"]
[White "Podetti, Davide"]
[Black "Yurtseven, Melih"]
[WhiteFideId "893617"]
[BlackFideId "6312160"]
[WhiteElo "2131"]
[BlackElo "2160"]
[Result "0-1"]
[Round "08"]
[TimeControl "180+1"]
[Date "2021.05.04"]
[WhiteClock "0:00:12"]
[BlackClock "0:00:17"]

1. e4 e6 2. d4 d5 3. Nc3 Nf6 4. e5 Nfd7 5. f4 c5 6. Nf3 a6 7. Be3 Qb6 8. Na4 Qa5+ 9. c3 cxd4 10. b4 Qc7 11. Bxd4 Nc6 12. Be3 b5 13. Nb2 a5 14. Bxb5 axb4 15. cxb4 Bxb4+ 16. Kf2 O-O 17. Qc2 Bb7 18. Nd3 Ba3 19. Rab1 Rfc8 20. Qb3 Qa5 21. Rhd1 h6 22. g4 Rab8 23. Qa4 Qxa4 24. Bxa4 Ba6 25. Nfe1 Bc4 26. Bb3 Bxb3 27. axb3 d4 28. Bd2 Be7 29. Nf3 Nc5 30. Nxc5 Bxc5 31. Ke2 Rd8 32. Kd3 Rd5 33. Rdc1 Rb5 34. Rc4 g6 35. Ne1 g5 36. Ke4 gxf4 37. Nd3 Ne7 38. Nxf4 Rd7 39. Rbc1 Ba3 40. Rb1 Nd5 41. Nd3 f6 42. exf6 Nxf6+ 43. Kf3 e5 44. Ra1 e4+ 45. Kg2 Bf8 46. Nf4 e3 47. Be1 d3 48. Rc6 Nxg4 49. Rg6+ Rg7 50. Rxg7+ Bxg7 51. Nxd3 Bxa1 0-1


[Site "https://www.chess.com"]

[Event "Titled Tuesday Blitz May 4 2021"]
[White "Poormosavi, Seyed Kian"]
[Black "Aditya Mittal"]
[WhiteFideId "12585807"]
[BlackFideId "35042025"]
[WhiteElo "2134"]
[BlackElo "2171"]
[Result "0-1"]
[Round "08"]
[TimeControl "180+1"]
[Date "2021.05.04"]
[WhiteClock "0:00:09"]
[BlackClock "0:01:15"]

1. e4 c5 2. Nf3 d6 3. c4 Nf6 4. Nc3 e5 5. Be2 Nc6 6. d3 h6 7. O-O Bg4 8. Ne1 Bxe2 9. Nxe2 g5 10. g3 Qd7 11. f4 gxf4 12. gxf4 Nh5 13. f5 Be7 14. Nc3 Nf6 15. Kh1 O-O-O 16. Be3 Rdg8 17. Nf3 Nd4 18. Bxd4 exd4 19. Ne2 Ng4 20. Qd2 Bg5 21. Nxg5 hxg5 22. Ng3 f6 23. Rg1 Rh4 24. Nf1 Rgh8 25. Qe2 Ne5 26. Rg2 g4 27. Rf2 Qh7 28. b4 Nf3 29. Rg2 Qh6 30. Rb1 Qf4 31. bxc5 dxc5 32. Qb2 b6 33. Qb5 Rxh2+ 34. Nxh2 Rxh2+ 0-1


[Site "https://www.chess.com"]

[Event "Titled Tuesday Blitz May 4 2021"]
[White "Porter, Ryan W"]
[Black "Villegas, Pierre"]
[WhiteFideId "2011239"]
[BlackFideId "654183"]
[WhiteElo "2404"]
[BlackElo "2411"]
[Result "0-1"]
[Round "08"]
[TimeControl "180+1"]
[Date "2021.05.04"]
[WhiteClock "0:00:05"]
[BlackClock "0:00:10"]

1. c4 e6 2. Nf3 d5 3. e3 Nf6 4. Nc3 a6 5. b3 Be7 6. Bb2 O-O 7. d4 dxc4 8. bxc4 c5 9. Be2 b6 10. O-O Bb7 11. Qc2 Nbd7 12. Rfd1 cxd4 13. exd4 Rc8 14. Qb3 Qc7 15. Ne5 Nxe5 16. dxe5 Nd7 17. f4 Nc5 18. Qc2 Rfd8 19. Bf1 g6 20. Rxd8+ Rxd8 21. Rd1 Rxd1 22. Qxd1 Ne4 23. Nxe4 Bxe4 24. Kh1 Bc5 25. Qd2 Bb7 26. Bc3 Qe7 27. Bd4 Kg7 28. h3 Qd8 29. Bc3 Qh4 30. Kh2 Bf2 31. Qd3 Qxf4+ 32. Kh1 Bc5 33. Bd2 Qd4 0-1


[Site "https://www.chess.com"]

[Event "Titled Tuesday Blitz May 4 2021"]
[White "Priyanka, K"]
[Black "Nosacheva, Mariya"]
[WhiteFideId "5082986"]
[BlackFideId "34111422"]
[WhiteElo "1893"]
[BlackElo "2035"]
[Result "1-0"]
[Round "08"]
[TimeControl "180+1"]
[Date "2021.05.04"]
[WhiteClock "0:00:58"]
[BlackClock "0:01:14"]

1. e4 c5 2. Nf3 d6 3. d4 cxd4 4. Nxd4 Nf6 5. Nc3 a6 6. Be2 e5 7. Nf3 Be7 8. Bg5 Be6 9. Bxf6 Bxf6 10. O-O O-O 11. Nd5 Bg5 12. Nxg5 Qxg5 13. Nc7 Ra7 14. Nxe6 fxe6 15. Qxd6 Qf6 16. Bc4 Re8 17. Rad1 Nc6 18. Qd7 Re7 19. Qc8+ Kf7 20. Rd6 b5 21. Qxc6 Rac7 22. Bxe6+ 1-0


[Site "https://www.chess.com"]

[Event "Titled Tuesday Blitz May 4 2021"]
[White "Provotorov, Ivan"]
[Black "Amarasinghe, A A C B"]
[WhiteFideId "4154657"]
[BlackFideId "9901809"]
[WhiteElo "2244"]
[BlackElo "1778"]
[Result "1-0"]
[Round "08"]
[TimeControl "180+1"]
[Date "2021.05.04"]
[WhiteClock "0:00:19"]
[BlackClock "0:00:06"]

1. c4 Nf6 2. Nc3 d5 3. cxd5 Nxd5 4. Nf3 g6 5. e4 Nb6 6. d4 Bg7 7. Be3 O-O 8. Be2 Nc6 9. d5 Ne5 10. Nxe5 Bxe5 11. f4 Bg7 12. e5 c6 13. dxc6 bxc6 14. O-O Nd5 15. Bd4 Bf5 16. Bf3 h5 17. Qd2 e6 18. Ne4 Bh6 19. g3 h4 20. Nd6 hxg3 21. hxg3 Kg7 22. Kg2 g5 23. Bxd5 cxd5 24. Nxf5+ exf5 25. Rae1 Kg6 26. e6 Re8 27. exf7 Kxf7 28. Re5 Rxe5 29. Bxe5 Rc8 30. Qd3 Qd7 31. Rh1 Kg6 32. g4 gxf4 33. gxf5+ Qxf5 34. Rxh6+ Kxh6 35. Qxf5 Rg8+ 36. Kf1 f3 37. Bf4+ Kg7 38. Be5+ Kh6 39. Qxf3 Kg6 40. Qxd5 Rf8+ 41. Ke2 Rf5 42. Qe6+ Kg5 43. Bd4 Kf4 44. Be3+ Kg4 45. Qg6+ Kh4 46. Qxf5 a5 47. Qg6 Kh3 48. Kf3 a4 49. Qg3# 1-0


[Site "https://www.chess.com"]

[Event "Titled Tuesday Blitz May 4 2021"]
[White "Prraneeth Vuppala"]
[Black "Rakotomaharo, Fy Antenaina"]
[WhiteFideId "46622373"]
[BlackFideId "13100050"]
[WhiteElo "1759"]
[BlackElo "2378"]
[Result "0-1"]
[Round "08"]
[TimeControl "180+1"]
[Date "2021.05.04"]
[WhiteClock "0:00:11"]
[BlackClock "0:00:53"]

1. e4 c5 2. Nf3 d6 3. d4 cxd4 4. Nxd4 Nf6 5. Nc3 g6 6. Be3 a6 7. f3 h5 8. Bc4 Nbd7 9. Qd2 b5 10. Bd5 Nxd5 11. Nxd5 Bb7 12. a4 e6 13. Bg5 Qc8 14. Nf6+ Nxf6 15. Bxf6 Bh6 16. Qb4 O-O 17. O-O e5 18. Nb3 Qxc2 19. Na5 Be3+ 20. Kh1 Bd2 21. Qxd6 Bxa5 22. Bxe5 Qc6 23. Qd4 Bb6 24. Qd2 f6 25. Rac1 Qe6 26. Bc3 Rad8 27. Qh6 Qf7 28. a5 Bd4 29. Bb4 Rfe8 30. g4 hxg4 31. Rc2 gxf3 32. Rxf3 Bxe4 33. Rg2 Bxf3 0-1


[Site "https://www.chess.com"]

[Event "Titled Tuesday Blitz May 4 2021"]
[White "Ptacnikova, Lenka"]
[Black "Lopez Gracia, Fernando"]
[WhiteFideId "305650"]
[BlackFideId "2207184"]
[WhiteElo "1984"]
[BlackElo "2315"]
[Result "1-0"]
[Round "08"]
[TimeControl "180+1"]
[Date "2021.05.04"]
[WhiteClock "0:01:20"]
[BlackClock "0:01:33"]

1. Nf3 d5 2. g3 Nd7 3. Bg2 e5 4. O-O Ngf6 5. c4 c6 6. cxd5 cxd5 7. d3 Bd6 8. b3 O-O 9. Ba3 Re8 10. Bxd6 b6 11. Ba3 Bb7 12. Nc3 Rc8 13. Rc1 Nc5 14. d4 e4 15. dxc5 exf3 16. Bxf3 bxc5 17. Na4 Qa5 18. Bxc5 Bc6 19. Bd4 Ne4 20. Bxe4 Rxe4 21. Rc5 Qb4 22. e3 Ree8 23. Qc2 Bd7 24. Rc1 Qb7 25. Rc7 1-0


[Site "https://www.chess.com"]

[Event "Titled Tuesday Blitz May 4 2021"]
[White "Radu, David Cr."]
[Black "Stepak, Yedael"]
[WhiteFideId "1265717"]
[BlackFideId "2800454"]
[WhiteElo "1596"]
[BlackElo "2146"]
[Result "1/2-1/2"]
[Round "08"]
[TimeControl "180+1"]
[Date "2021.05.04"]
[WhiteClock "0:01:11"]
[BlackClock "0:00:14"]

1. e4 c5 2. Nf3 e6 3. d4 cxd4 4. Nxd4 a6 5. c4 Qc7 6. Nc3 Nf6 7. Be3 b6 8. Be2 Bb7 9. f3 h6 10. O-O Bd6 11. g3 Be5 12. Qd3 g5 13. Rac1 Qd6 14. f4 gxf4 15. gxf4 Rg8+ 16. Kh1 Bxd4 17. Bxd4 Nxe4 18. Nxe4 f5 19. Bf3 fxe4 20. Bxe4 Nc6 21. Bg6+ Rxg6 22. Qxg6+ Kd8 23. Bxb6+ Kc8 24. Qg8+ Nd8+ 25. Kg1 Qxb6+ 26. c5 Qc6 27. f5 Qh1+ 28. Kf2 Qxh2+ 29. Ke3 Qe5+ 30. Kd3 Be4+ 31. Kd2 Qd4+ 32. Ke1 Qe3+ 33. Kd1 Qd3+ 34. Ke1 Rb8 35. fxe6 dxe6 36. Rf8 Qe3+ 37. Kd1 Qd3+ 38. Ke1 Qe3+ 39. Kd1 Qd3+ 40. Ke1 1/2-1/2


[Site "https://www.chess.com"]

[Event "Titled Tuesday Blitz May 4 2021"]
[White "Ravi, Thandalam Shanmugam"]
[Black "katchesskat"]
[WhiteFideId "5000238"]
[WhiteElo "2215"]
[BlackElo "2288"]
[Result "1-0"]
[Round "08"]
[TimeControl "180+1"]
[Date "2021.05.04"]
[WhiteClock "0:00:43"]
[BlackClock "0:00:16"]

1. e4 c5 2. c3 e6 3. d4 Qc7 4. Nf3 a6 5. Bd3 b5 6. O-O Bb7 7. Qe2 Be7 8. a4 bxa4 9. Rxa4 Nf6 10. e5 Nd5 11. Ra1 h6 12. Na3 g5 13. Nc4 Nf4 14. Bxf4 gxf4 15. Be4 Nc6 16. Qd2 cxd4 17. cxd4 Nxe5 18. Ncxe5 Bxe4 19. Qxf4 f5 20. Rac1 Qd6 21. Qg3 Bg5 22. Nxg5 Rg8 23. Nxe4 Qf8 24. Qxg8 Qxg8 25. Nf6+ Ke7 26. Nxg8+ Rxg8 27. Rc7 Rb8 28. Rxd7+ Kf6 29. h4 Rf8 30. Rc1 f4 31. Rcc7 Kf5 32. f3 Rf6 33. Rf7 h5 34. Rxf6+ Kxf6 35. Rf7# 1-0


[Site "https://www.chess.com"]

[Event "Titled Tuesday Blitz May 4 2021"]
[White "Region_07"]
[Black "Garakov, Mikhael"]
[BlackFideId "4169034"]
[WhiteElo "2392"]
[BlackElo "2367"]
[Result "1-0"]
[Round "08"]
[TimeControl "180+1"]
[Date "2021.05.04"]
[WhiteClock "0:00:09"]
[BlackClock "0:00:48"]

1. d4 g6 2. e4 Bg7 3. Nc3 d6 4. Bg5 a6 5. Nf3 b5 6. a3 Bb7 7. g3 Nd7 8. Bg2 h6 9. Be3 Ngf6 10. O-O Nxe4 11. Qe1 Ndf6 12. Nd2 d5 13. Ndxe4 Nxe4 14. Nxe4 dxe4 15. Rd1 O-O 16. Qd2 Kh7 17. Bf4 f5 18. f3 exf3 19. Bxf3 Bxf3 20. Rxf3 Qd5 21. Re3 Rf7 22. Bxc7 h5 23. c3 Bh6 24. Bf4 g5 25. Re5 Qd7 26. Bxg5 Bg7 27. Ree1 Qd6 28. Qe2 Qg6 29. Bf4 h4 30. d5 Rg8 31. Qf3 Bf6 32. Re6 Rfg7 33. d6 Qf7 34. Rde1 exd6 35. Rxf6 Qe8 36. Rh6# 1-0


[Site "https://www.chess.com"]

[Event "Titled Tuesday Blitz May 4 2021"]
[White "Reprintsev, Alexander"]
[Black "Aradhya, Garg"]
[WhiteFideId "14100541"]
[BlackFideId "25006746"]
[WhiteElo "2194"]
[BlackElo "2146"]
[Result "0-1"]
[Round "08"]
[TimeControl "180+1"]
[Date "2021.05.04"]
[WhiteClock "0:00:16"]
[BlackClock "0:01:49"]

1. e4 e5 2. Bc4 Nf6 3. Nc3 Nc6 4. d3 Bc5 5. a4 d6 6. h3 a5 7. Nf3 O-O 8. Bg5 h6 9. Bh4 g5 10. Bg3 Kg7 11. h4 g4 12. Nd2 Nh5 13. Nb3 Ba7 14. Nd5 Ne7 15. Nxa5 Nxd5 16. exd5 f5 17. Nb3 f4 18. Bxf4 Rxf4 19. d4 Bxd4 20. Nxd4 Rxd4 21. Qe2 Nf4 22. Qf1 Nxg2+ 23. Qxg2 Rxc4 24. f3 Qf6 25. b3 e4 26. bxc4 exf3 27. O-O fxg2 28. Rxf6 Kxf6 29. Kxg2 Bf5 30. Ra2 Ke5 31. Kg3 Kd4 32. Kf4 Bd7 33. a5 b6 34. a6 Rf8+ 35. Kg3 Kxc4 36. a7 Ra8 37. h5 Kxd5 38. Kf4 Kc6 39. c4 Kb7 40. Re2 Rxa7 41. Re7 Kc6 42. Rh7 Ra4 43. Rxh6 Rxc4+ 44. Ke3 Rc3+ 45. Kd4 Rh3 0-1


[Site "https://www.chess.com"]

[Event "Titled Tuesday Blitz May 4 2021"]
[White "Rodin, Mihail"]
[Black "Remizov, Yaroslav"]
[WhiteFideId "4113160"]
[BlackFideId "34134015"]
[WhiteElo "2368"]
[BlackElo "2367"]
[Result "0-1"]
[Round "08"]
[TimeControl "180+1"]
[Date "2021.05.04"]
[WhiteClock "0:00:19"]
[BlackClock "0:00:05"]

1. e4 c6 2. d4 d5 3. e5 c5 4. dxc5 e6 5. a3 Bxc5 6. b4 Be7 7. Nf3 a5 8. b5 Nd7 9. Bd3 f6 10. Bb2 Nh6 11. O-O Nf7 12. exf6 Bxf6 13. Bxf6 Qxf6 14. c3 Kf8 15. Re1 g6 16. Ra2 Kg7 17. Rae2 Nc5 18. Bc2 Bd7 19. a4 Rac8 20. Ne5 Nxe5 21. Rxe5 Rhf8 22. Qe2 Ne4 23. Rxe4 dxe4 24. c4 Rxc4 25. Bb3 Rb4 26. Nd2 Qd4 27. Bc2 e3 28. fxe3 Qc3 29. Ne4 Qe5 30. Rd1 Be8 31. Nd6 Rh4 32. g3 Qh5 33. Qxh5 Rxh5 34. Nxb7 Re5 35. Nxa5 Rxe3 36. Nc4 Rc3 37. Bd3 g5 38. Nd6 Bh5 39. Rd2 Rc1+ 40. Kg2 Bf3+ 41. Kh3 Rd8 42. Be4 Rxd6 43. Rxd6 Bxe4 44. Kg4 Bf5+ 45. Kxg5 Rc4 46. a5 h6+ 47. Kh5 Bg6# 0-1


[Site "https://www.chess.com"]

[Event "Titled Tuesday Blitz May 4 2021"]
[White "Rorrer, Grayson"]
[Black "Gabriel, Robert"]
[WhiteFideId "30944996"]
[BlackFideId "4606477"]
[WhiteElo "2389"]
[BlackElo "2203"]
[Result "1-0"]
[Round "08"]
[TimeControl "180+1"]
[Date "2021.05.04"]
[WhiteClock "0:01:29"]
[BlackClock "0:00:01"]

1. e4 c5 2. Nf3 g6 3. d4 cxd4 4. Qxd4 Nf6 5. e5 Nc6 6. Qa4 Nd5 7. Qe4 Nb6 8. Nc3 Bg7 9. Bf4 d6 10. O-O-O Bf5 11. Qe3 d5 12. h4 Bg4 13. Be2 h5 14. Kb1 Bxf3 15. Bxf3 e6 16. Bg5 Qd7 17. Ne4 Nxe5 18. Bf6 Nec4 19. Bxg7 Nxe3 20. Nf6+ Ke7 21. Nxd7 Nxd1 22. Nxb6 Nxf2 23. Nxa8 Rxa8 24. Rf1 Ng4 25. Bxg4 hxg4 26. Bf6+ Kd6 27. Re1 Rc8 28. c3 Rc4 29. Kc2 b5 30. b3 Rc6 31. Kd3 a5 32. Be5+ Ke7 33. g3 Rc8 34. Rf1 a4 35. Rf4 axb3 36. axb3 f5 37. Rb4 Ra8 38. Rxb5 Ra1 39. Rb7+ Ke8 40. Kd4 1-0


[Site "https://www.chess.com"]

[Event "Titled Tuesday Blitz May 4 2021"]
[White "Rosenberg, Evan S"]
[Black "Can, Emre"]
[WhiteFideId "2019299"]
[BlackFideId "6302181"]
[WhiteElo "2154"]
[BlackElo "2503"]
[Result "1-0"]
[Round "08"]
[TimeControl "180+1"]
[Date "2021.05.04"]
[WhiteClock "0:00:02"]
[BlackClock "0:00:06"]

1. Nf3 d5 2. c4 d4 3. e3 Nc6 4. b4 dxe3 5. fxe3 Nxb4 6. d4 c6 7. a3 Na6 8. Bd3 g6 9. O-O Bg7 10. Nc3 Nf6 11. Rb1 O-O 12. Ne5 Nd7 13. Nxd7 Qxd7 14. Qe1 b6 15. Ne4 Nc7 16. Kh1 Ne8 17. Qh4 Nf6 18. Ng5 Qg4 19. Qxg4 Bxg4 20. h3 Bd7 21. a4 e5 22. Ba3 Rfe8 23. Bd6 exd4 24. exd4 h6 25. Nf3 Ne4 26. Bf4 Bf5 27. Ne5 Nd6 28. Bxf5 Nxf5 29. Nxc6 Rec8 30. d5 Bf8 31. g4 Nd6 32. Bxd6 Bxd6 33. Rbe1 Re8 34. Kg2 a5 35. h4 Kg7 36. h5 Rac8 37. Kf3 Rf8 38. Re4 Rc7 39. Rfe1 f5 40. Re8 fxg4+ 41. Kxg4 gxh5+ 42. Kxh5 Rf5+ 43. Kg4 Rcf7 44. Kh3 Rg5 45. R8e3 Rf4 46. R1e2 Rxc4 47. Rg2 Rxa4 48. Rxg5+ hxg5 49. Re6 Bc5 50. d6 Ra3+ 51. Kg4 Rd3 52. Kxg5 Rxd6 53. Re7+ Kf8 54. Rc7 a4 55. Ne5 Rd5 56. Kf6 Bd4 57. Rc8+ 1-0


[Site "https://www.chess.com"]

[Event "Titled Tuesday Blitz May 4 2021"]
[White "Sadhwani, Raunak"]
[Black "Eynullayev, Altay"]
[WhiteFideId "35093487"]
[BlackFideId "13413562"]
[WhiteElo "2514"]
[BlackElo "2079"]
[Result "1-0"]
[Round "08"]
[TimeControl "180+1"]
[Date "2021.05.04"]
[WhiteClock "0:01:41"]
[BlackClock "0:00:01"]

1. b3 Nf6 2. Bb2 g6 3. Bxf6 exf6 4. c4 d5 5. cxd5 Qxd5 6. Nc3 Qa5 7. g3 Bg7 8. Bg2 O-O 9. Nf3 c6 10. O-O f5 11. Qc2 Be6 12. d4 Nd7 13. e3 Nf6 14. a3 Nd5 15. b4 Qd8 16. Na4 Qe7 17. Nc5 Bc8 18. Rab1 b6 19. Nd3 Ba6 20. Rfd1 Bb7 21. Rbc1 a5 22. Qb3 axb4 23. axb4 Rfc8 24. Nfe5 Qe6 25. Nxc6 Rxc6 26. Bxd5 Rxc1 27. Bxe6 Rxd1+ 28. Qxd1 fxe6 29. f3 g5 30. Ne5 Bd5 31. Nd7 Ra3 32. Nxb6 Bb7 33. Nc4 Rc3 34. Qa4 h6 35. Qe8+ Kh7 36. Qxe6 Bxf3 37. Qxf5+ 1-0


[Site "https://www.chess.com"]

[Event "Titled Tuesday Blitz May 4 2021"]
[White "Salinas Herrera, Pablo"]
[Black "Tari, Aryan"]
[WhiteFideId "3407128"]
[BlackFideId "1510045"]
[WhiteElo "2541"]
[BlackElo "2656"]
[Result "1/2-1/2"]
[Round "08"]
[TimeControl "180+1"]
[Date "2021.05.04"]
[WhiteClock "0:00:03"]
[BlackClock "0:00:04"]

1. d4 Nf6 2. Bf4 d5 3. e3 Bg4 4. Qd3 Nbd7 5. Qb3 Rb8 6. c4 e6 7. Nc3 dxc4 8. Bxc4 a6 9. f3 Bh5 10. e4 b5 11. Be2 Nb6 12. Rd1 Bd6 13. Be3 Nfd7 14. Nh3 O-O 15. O-O c6 16. Nf4 Bg6 17. Nxe6 Bxh2+ 18. Kxh2 Qh4+ 19. Kg1 fxe6 20. Qxe6+ Kh8 21. Qxc6 b4 22. Nb1 Rbc8 23. Qd6 Rc2 24. Rd2 Rfc8 25. Bd3 R2c6 26. Qxb4 Nf6 27. Bf2 Qg5 28. d5 Nbxd5 29. exd5 Nxd5 30. Qg4 Qxg4 31. fxg4 Bxd3 32. Rxd3 Nf4 33. Rd2 h6 34. Be3 Ng6 35. Nc3 Ne5 36. Rd4 Nc4 37. Bc1 Re6 38. g5 h5 39. Nd5 Rd6 40. Rfd1 Ne5 41. Nc3 Re6 42. Rd8+ Rxd8 43. Rxd8+ Kh7 44. Rd1 Ng4 45. Bf4 Kg6 46. a4 h4 47. b4 Rc6 48. Nd5 Rc4 49. b5 axb5 50. axb5 Rc5 51. b6 Rb5 52. Bc7 Kxg5 53. Bd8+ Kf5 54. Ne7+ Ke4 55. Nc6 Ne3 56. Re1 Kd3 57. Bg5 Rxg5 58. b7 Rxg2+ 59. Kh1 Rb2 60. b8=Q Rxb8 61. Nxb8 g5 62. Nd7 Ke4 63. Nf6+ Kf3 64. Rg1 g4 65. Kh2 h3 66. Rg3+ Kf4 67. Nh5+ Ke4 68. Nf6+ Kf4 69. Nh5+ Kg5 70. Rg1 Kxh5 71. Ra1 Nf5 72. Ra4 Kh4 73. Rf4 Ne3 74. Re4 Nf1+ 75. Kg1 Nd2 76. Rf4 Kg3 77. Rf8 Nf3+ 78. Kh1 Nd2 79. Re8 Nf3 80. Rf8 Kf2 81. Rg8 Ne5 82. Kh2 Nf3+ 83. Kh1 Kg3 84. Rxg4+ Kxg4 1/2-1/2


[Site "https://www.chess.com"]

[Event "Titled Tuesday Blitz May 4 2021"]
[White "Samadov, Read"]
[Black "Lazavik, Denis"]
[WhiteFideId "13417444"]
[BlackFideId "13515110"]
[WhiteElo "2084"]
[BlackElo "2436"]
[Result "0-1"]
[Round "08"]
[TimeControl "180+1"]
[Date "2021.05.04"]
[WhiteClock "0:00:16"]
[BlackClock "0:00:12"]

1. d4 Nf6 2. c4 e6 3. g3 d5 4. Bg2 Be7 5. Nf3 O-O 6. O-O dxc4 7. Qc2 a6 8. a4 Bd7 9. Qxc4 Bc6 10. Bg5 a5 11. Nc3 Na6 12. Rfd1 Nb4 13. e3 h6 14. Bxf6 Bxf6 15. Qe2 Bxf3 16. Bxf3 c6 17. Kg2 Qe7 18. Rac1 Rad8 19. Ne4 e5 20. dxe5 Bxe5 21. b3 g6 22. Nd2 Na2 23. Nc4 Nxc1 24. Rxc1 Bc7 25. h4 h5 26. e4 Rd4 27. e5 Qe6 28. Qe3 Rfd8 29. Nd6 Rb4 30. Qg5 Rd7 31. Nc4 Rxb3 32. Bxh5 Qf5 33. Qxf5 gxf5 34. Re1 Rb4 35. Ne3 f4 36. Ng4 Kg7 37. e6 fxe6 38. Rxe6 fxg3 39. fxg3 Rxa4 40. Rg6+ Kf8 41. Nf6 Rg7 42. Rxg7 Kxg7 43. Ne8+ Kf8 44. Nxc7 Ke7 45. Be2 Ra2 46. Kf2 a4 47. Ke3 Rxe2+ 48. Kxe2 a3 0-1


[Site "https://www.chess.com"]

[Event "Titled Tuesday Blitz May 4 2021"]
[White "Samarth, J Rao"]
[Black "Prydun, Andriy"]
[WhiteFideId "46652370"]
[BlackFideId "14145898"]
[WhiteElo "1514"]
[BlackElo "2033"]
[Result "0-1"]
[Round "08"]
[TimeControl "180+1"]
[Date "2021.05.04"]
[WhiteClock "0:00:01"]
[BlackClock "0:01:40"]

1. c4 c6 2. d4 d5 3. e3 Nf6 4. Nf3 e6 5. Nbd2 Nbd7 6. b3 Bd6 7. Bb2 Qe7 8. Ne5 Ba3 9. Bc3 Bb4 10. Bb2 Ne4 11. Nf3 f5 12. a3 Ba5 13. b4 Bc7 14. c5 g5 15. Nxe4 fxe4 16. Nd2 O-O 17. Be2 Qg7 18. Qc2 Nf6 19. Nf1 h5 20. O-O-O b5 21. cxb6 Bxb6 22. a4 a5 23. Qc3 axb4 24. Qxc6 Rb8 25. Kb1 Rf7 26. Qc2 b3 27. Qxb3 Rfb7 28. Bb5 Bd7 29. Bxd7 Rxd7 30. Rd2 Rdb7 31. Qa2 Ba5 32. Rc2 Qd7 33. Nd2 Rb4 34. Rhc1 Rxa4 35. Rc8+ Kg7 36. Qxa4 Rxb2+ 37. Kxb2 Qxa4 38. R1c2 Bxd2 39. Rxd2 Qb5+ 0-1


[Site "https://www.chess.com"]

[Event "Titled Tuesday Blitz May 4 2021"]
[White "San, Thit Lwin"]
[Black "Bonte, Andrei-Mihai"]
[WhiteFideId "13001272"]
[BlackFideId "1210297"]
[WhiteElo "2232"]
[BlackElo "2200"]
[Result "0-1"]
[Round "08"]
[TimeControl "180+1"]
[Date "2021.05.04"]
[WhiteClock "0:00:01"]
[BlackClock "0:00:07"]

1. Nf3 d5 2. c4 c6 3. d4 Nf6 4. Nc3 g6 5. Bf4 dxc4 6. a4 Nd5 7. Be5 f6 8. Bxb8 Rxb8 9. e4 Nxc3 10. bxc3 Be6 11. Nd2 b5 12. axb5 cxb5 13. Rxa7 Bh6 14. Be2 Qb6 15. Ra1 Kf7 16. O-O Ra8 17. f4 Qc7 18. e5 fxe5 19. fxe5+ Kg7 20. Ne4 Bd5 21. Nc5 Rxa1 22. Qxa1 Rf8 23. Rxf8 Kxf8 24. Qf1+ Kg7 25. Bf3 Be3+ 26. Kh1 Qc6 27. Qe2 Bxf3 28. gxf3 Bf4 29. Kg2 Qd5 30. Qb2 Qc6 31. Qa3 g5 32. Qa7 Kf7 33. Qb8 g4 34. Ne4 gxf3+ 35. Kxf3 Bd2 36. Qh8 Qh6 37. e6+ Kxe6 38. Qg8+ Kd7 39. Qg4+ e6 40. Nc5+ Kd6 41. Qg3+ Kc6 42. Qe5 Qh3+ 43. Ke2 Qg2+ 0-1


[Site "https://www.chess.com"]

[Event "Titled Tuesday Blitz May 4 2021"]
[White "Sargsyan, Anna M."]
[Black "Meneses Gonzalez, Kevin Moises"]
[WhiteFideId "13308130"]
[BlackFideId "2284502"]
[WhiteElo "2263"]
[BlackElo "2301"]
[Result "1-0"]
[Round "08"]
[TimeControl "180+1"]
[Date "2021.05.04"]
[WhiteClock "0:00:14"]
[BlackClock "0:00:03"]

1. d4 Nf6 2. c4 g6 3. g3 Bg7 4. Bg2 O-O 5. Nc3 d6 6. Nf3 Nbd7 7. O-O e5 8. e4 exd4 9. Nxd4 Re8 10. Re1 Nc5 11. h3 a5 12. Qc2 c6 13. Be3 a4 14. Rad1 Qa5 15. Bf4 Qb4 16. a3 Qb6 17. Bxd6 Ne6 18. Nxe6 Bxe6 19. c5 Qa6 20. Qe2 Bc4 21. Qd2 Bb3 22. Rc1 Rad8 23. Qe2 Bc4 24. Qc2 Bb3 25. Qb1 Nd7 26. Ne2 Ne5 27. f4 Nd3 28. e5 Nxc1 29. Qxc1 Bd5 30. Bxd5 cxd5 31. Qd2 Qc4 32. Rc1 Qe4 33. Nc3 Qf5 34. g4 Qd7 35. Nxd5 Qc6 36. Nb4 Qf3 37. Rc3 Qe4 38. Qe3 Qb1+ 39. Qc1 Qe4 40. Rc4 Qf3 41. Qc3 Qd1+ 42. Kg2 g5 43. Qd3 Qe1 44. Re4 Qc1 45. Nd5 gxf4 46. Nc7 Qxb2+ 47. Re2 Qc1 48. Nxe8 Rxe8 49. Qf3 b6 50. cxb6 Qb1 51. b7 Bf8 52. b8=Q Rxb8 53. Bxb8 Qxb8 54. Qxf4 Qb7+ 55. Qe4 Qb5 56. Rf2 Bc5 57. Rf3 Qb2+ 58. Kg3 Qc1 59. Qf5 Qg1+ 60. Kh4 Be7+ 61. Kh5 f6 62. Qe6+ Kf8 63. exf6 Qc5+ 64. g5 Bd8 65. f7 Be7 66. Qh6# 1-0


[Site "https://www.chess.com"]

[Event "Titled Tuesday Blitz May 4 2021"]
[White "Sarkar, Justin"]
[Black "Bon, Michael"]
[WhiteFideId "2010011"]
[BlackFideId "620696"]
[WhiteElo "2140"]
[BlackElo "2427"]
[Result "0-1"]
[Round "08"]
[TimeControl "180+1"]
[Date "2021.05.04"]
[WhiteClock "0:00:03"]
[BlackClock "0:00:43"]

1. d4 d5 2. c4 Nc6 3. Nf3 Bg4 4. cxd5 Bxf3 5. gxf3 Qxd5 6. e3 e5 7. Nc3 Bb4 8. Bd2 Bxc3 9. bxc3 Nf6 10. Rb1 b6 11. Bb5 O-O 12. c4 Qd6 13. d5 Ne7 14. Bb4 Qd8 15. d6 cxd6 16. Qxd6 Ng6 17. Qc6 Re8 18. Rd1 Qc8 19. Qxc8 Rexc8 20. Ke2 a6 21. Bd7 Rxc4 22. a3 a5 23. Kd3 Rc7 0-1


[Site "https://www.chess.com"]

[Event "Titled Tuesday Blitz May 4 2021"]
[White "Schut, Han"]
[Black "Petrova, Irina"]
[WhiteFideId "1005561"]
[BlackFideId "14124122"]
[WhiteElo "2057"]
[BlackElo "2022"]
[Result "0-1"]
[Round "08"]
[TimeControl "180+1"]
[Date "2021.05.04"]
[WhiteClock "0:02:10"]
[BlackClock "0:02:32"]

1. e4 d6 2. d4 Nf6 3. Nc3 e5 4. Nf3 Nbd7 5. Bc4 Be7 6. a4 O-O 7. O-O c6 8. a5 h6 9. Qe2 Re8 10. Bb3 Bf8 11. Be3 exd4 12. Nxd4 Nxe4 13. Nxe4 Rxe4 14. Bxf7+ Kxf7 15. Qf3+ Nf6 16. Rad1 Bg4 17. Qxe4 Nxe4 0-1


[Site "https://www.chess.com"]

[Event "Titled Tuesday Blitz May 4 2021"]
[White "Schut, Lisa"]
[Black "Balaji, Aaravamudhan"]
[WhiteFideId "1019481"]
[BlackFideId "436224"]
[WhiteElo "2234"]
[BlackElo "2085"]
[Result "0-1"]
[Round "08"]
[TimeControl "180+1"]
[Date "2021.05.04"]
[WhiteClock "0:00:06"]
[BlackClock "0:00:16"]

1. e4 c5 2. Nf3 Nc6 3. g3 e5 4. Bg2 h5 5. h4 d6 6. c3 Nf6 7. Qc2 Rb8 8. O-O b5 9. d4 Be7 10. d5 Na5 11. b3 Bd7 12. Bg5 Nh7 13. Be3 g5 14. hxg5 Nxg5 15. b4 Nc4 16. bxc5 Nxe3 17. fxe3 Nxf3+ 18. Rxf3 Bg4 19. Rf1 Bg5 20. Qf2 Rh7 21. c6 Qb6 22. Re1 h4 23. Bh1 Ke7 24. Nd2 Rbh8 25. Nf1 Qc5 26. a4 hxg3 27. Nxg3 Rh2 28. Qxh2 Bxe3+ 29. Kg2 Bf3+ 30. Kxf3 Rxh2 31. Rxe3 Rh3 32. Rae1 bxa4 33. Kg4 Rh8 34. Nf5+ Kd8 35. Rb1 Rg8+ 36. Kf3 a3 37. Rb8+ Kc7 38. Rxg8 a2 39. Rf8 a1=Q 40. Rxf7+ Kb6 41. Rb7+ Ka5 42. Bg2 a6 43. Ne7 Qg1 44. Re2 Qxc3+ 45. Kg4 Qc4 46. c7 Qxe2+ 47. Kf5 Qgf2+ 48. Ke6 Qg4+ 49. Kxd6 Qf6+ 50. Kc5 Qxe7+ 51. d6 Qed7 52. Rb8 Qxg2 53. c8=Q Qxc8+ 54. Rxc8 Qc2+ 55. Kd5 Qxc8 56. Kxe5 Kb5 57. Kd5 Qc6+ 58. Ke6 a5 59. Ke7 Qxe4+ 0-1


[Site "https://www.chess.com"]